 Dungeon Crawl Stone Soup version 0.31-a0-229-g1fc7ce93e2 (webtiles) character file.

Game seed: 13605914376049551735

1425 8bitpickle the Digger (level 8, -1/72 HPs)
             Began as a Gargoyle Earth Elementalist on July 6, 2023.
             Was an Initiate of Gozag.
             Slain by an orc warrior
             ... wielding a +0 short sword
              (8 damage)
             ... on level 7 of the Dungeon.
             The game lasted 00:11:24 (6849 turns).

8bitpickle the Digger (Gargoyle Earth Elementalist) Turns: 6849, Time: 00:11:25

Health: -1/72      AC:  9    Str: 12    XL:     8   Next: 72%
Magic:  1/14       EV: 12    Int: 18    God:    Gozag
Gold:   195        SH:  0    Dex: 10    Spells: 11/15 levels left

rFire   + . .        a - +1 short sword (venom)
rCold   . . .        (no shield)
rNeg    + . .        d - +0 robe {rF+}
rPois   ∞            (no helmet)
rElec   +            l - +0 cloak
rCorr   .            (no gloves)
SInv    +            (no boots)
Will    .....        (no amulet) Stlth
                     i - ring of flight
HPRegen 0.32/turn    j - ring of see invisible
MPRegen 0.14/turn

%: no passive effects
@: berserking, gold aura, flying, very quick
A: sickness immunity, AC +5, negative energy resistance 1, electricity
resistance, torment resistance 1, petrification resistance
a: Renounce Religion, Potion Petition, Call Merchant, Bribe Branch


You were on level 7 of the Dungeon.
You worshipped Gozag.
Gozag was aware of your devotion.
You visited 2 branches of the dungeon, and saw 8 of its levels.

You collected 398 gold pieces.
You spent 66 gold pieces at shops.
You paid 137 gold pieces to Gozag.

Inventory:

Hand Weapons
 a - a +1 short sword of venom (weapon)
Armour
 d - a +0 robe of fire resistance (worn)
 l - a +0 cloak (worn)
Jewellery
 i - a ring of flight (left hand)
 j - a ring of see invisible (right hand)
Wands
 m - a wand of polymorph (9)
 v - a wand of flame (14)
Scrolls
 f - a scroll of revelation
 g - a scroll of enchant weapon
 o - 2 scrolls of teleportation
 w - a scroll of fog
Potions
 b - 2 potions of magic
 c - 2 potions of haste
 e - 2 potions of brilliance
 h - a potion of attraction {unknown}
 k - 2 potions of resistance
 n - a potion of lignification {unknown}
 p - 2 potions of might
 q - a potion of enlightenment {unknown}
 r - a potion of ambrosia {unknown}
 s - a potion of berserk rage
 u - a potion of heal wounds {unknown}


   Skills:
 + Level 4.6 Fighting
 - Level 1.0 Staves
 + Level 4.4 Armour
 - Level 1.6 Dodging
 - Level 2.2 Stealth
 - Level 1.0 Shields
 + Level 4.3 Spellcasting
 + Level 4.4 Conjurations
 - Level 1.0 Translocations
 - Level 1.0 Transmutations
 - Level 1.0 Fire Magic
 - Level 1.0 Ice Magic
 - Level 1.0 Air Magic
 + Level 6.3 Earth Magic
 - Level 1.0 Evocations


You had 11 spell levels left.
You knew the following spells:

 Your Spells              Type           Power      Damage    Failure   Level
a - Sandblast             Erth           52%        2d12      1%          1
d - Stone Arrow           Conj/Erth      46%        3d9       4%          3

Your spell library contained the following spells:

 Spells                   Type           Power      Damage    Failure   Level
 Passwall                 Tmut/Erth      14%        N/A       4%          2
 Necrotise                Necr           12%        1d4       14%         1
 Lesser Beckoning         Tloc           14%        N/A       14%         2
 Gell's Gravitas          Tloc           7%         N/A       28%         3
 Teleport Other           Tloc           7%         N/A       28%         3
 Petrify                  Tmut/Erth      17%        N/A       30%         4
 Animate Armour           Summ/Erth      30%        N/A       36%         4
 Vampiric Draining        Necr           3%         2d6       38%         3
 Summon Lightning Spire   Summ/Air       5%         N/A       75%         4
 Blade Hands              Tmut           3%         N/A       95%         5
 Agony                    Necr           3%         N/A       98%         5


Dungeon Overview and Level Annotations

Branches:
Dungeon (7/15)             Temple (1/1) D:7

Altars:
Ashenzari
Cheibriados
Dithmenos
Elyvilon
Gozag
Makhleb
Nemelex Xobeh
Okawaru
Qazlal
Ru
Trog
Vehumet
Xom
Yredelemnul
Zin

Shops:
D:2 ?*(*   D:4 =

Annotations:
D:3 1 runed translucent door, exclusion: door, IYTBazzie's ghost, novice BaBr


Innate Abilities, Weirdness & Mutations

You are immune to sickness and miasma.
Your stone body is resilient. (AC +5)
You are immune to poison.
You resist negative energy. (rN+)
You are resistant to electric shocks. (rElec)
You are resistant to unholy torment.
You are immune to petrification.


Message History

The orc warrior barely misses you. The orc priest hits you with a +0 mace.
* * * LOW HITPOINT WARNING * * *
You hit the orc priest but do no damage.
The orc priest is poisoned.
The orc priest is almost dead.
The orc warrior hits you with a +0 short sword.
* * * LOW HITPOINT WARNING * * *
The orc priest hits you with a +0 mace.
* * * LOW HITPOINT WARNING * * *
You hit the orc priest but do no damage.
The orc priest is almost dead.
The orc warrior closely misses you. The orc priest hits you with a +0 mace.
* * * LOW HITPOINT WARNING * * *
Your magical contamination has completely faded away.
You hit the orc priest.
You kill the orc priest!
The orc warrior hits you with a +0 short sword.
* * * LOW HITPOINT WARNING * * *
A red film seems to cover your vision as you go berserk!
You feel yourself moving faster!
You feel mighty! The orc warrior misses you.
You hit the orc warrior but do no damage.
The orc warrior is poisoned.
The orc warrior hits you with a +0 short sword!
* * * LOW HITPOINT WARNING * * *
You hit the orc warrior.
The orc warrior looks as sick as possible!
The orc warrior is lightly wounded.
The orc warrior closely misses you.
You hit the orc warrior.
The orc warrior is moderately wounded.
You barely miss the orc warrior.
The orc warrior is moderately wounded.
The gnoll sergeant closely misses you. The orc warrior barely misses you.
You hit the orc warrior.
The orc warrior looks as sick as possible!
The orc warrior is heavily wounded.
The gnoll sergeant closely misses you.
The orc warrior hits you with a +0 short sword!
You die...
Your body crumbles into a pile of gold.

###########
##.$.......##...
#.@#####........
#..#o###.#.......
#.# #g#.#.#......
#. #[#.##.o....
#. #:#)## ......
# #.#$#.# #....
#.# #.# .#o. ..#
#. #.# g..


You could see an orc warrior (extremely poisoned) and a gnoll sergeant.

Vanquished Creatures
  Sigmund (D:3)
  A water moccasin (D:6)
  A sky beast (D:7)
  A centaur (D:5)
  A kobold brigand (D:6)
  A bullfrog (D:7)
  2 scorpions
  A gnoll sergeant (D:5)
  A gnoll bouda (D:5)
  6 hounds
  2 orc priests
  Jessica (D:3)
  Terence (D:3)
  6 iguanas
  An orc wizard (D:3)
  5 gnolls
  6 adders
  A white imp (D:5)
  An ufetubus (D:5)
  A worm (D:2)
  A dart slug (D:3)
  12 orcs
  7 ball pythons
  4 endoplasms
  2 giant cockroaches (D:1)
  3 goblins
  5 hobgoblins
  2 jackals (D:4)
  6 quokkas
  5 bats
  2 frilled lizards (D:1)
  12 kobolds
  8 rats
110 creatures vanquished.

Notes
Turn   | Place    | Note
-------+----------+-------------------------------------------
     0 | D:1      | 8bitpickle the Gargoyle Earth Elementalist began the quest
                  | for the Orb.
     0 | D:1      | Reached XP level 1. HP: 10/10 MP: 3/3
   234 | D:1      | Reached XP level 2. HP: 15/15 MP: 1/5
   568 | D:1      | Reached skill level 1 in Transmutations
   973 | D:2      | Found a shimmering altar of Xom.
   974 | D:2      | Found Tootag's Antique Weapon Emporium.
   993 | D:2      | Found Jomm's General Store.
  1002 | D:2      | Bought 2 potions of degeneration for 26 gold pieces
  1002 | D:2      | Bought a scroll of identify for 26 gold pieces
  1034 | D:2      | Reached XP level 3. HP: 18/20 MP: 3/6
  1116 | D:2      | Reached skill level 1 in Shields
  1199 | D:2      | You are sucked into a shaft and drop 2 floors!
  1199 | D:4      | Found a basalt altar of Yredelemnul.
  1256 | D:4      | Noticed a scorpion
  1261 | D:4      | Killed a scorpion
  1262 | D:4      | Reached skill level 1 in Fighting
  1262 | D:4      | Reached skill level 1 in Staves
  1262 | D:4      | Reached skill level 1 in Armour
  1262 | D:4      | Reached skill level 1 in Conjurations
  1262 | D:4      | Reached skill level 4 in Earth Magic
  1262 | D:4      | Reached XP level 4. HP: 20/25 MP: 1/7
  1488 | D:3      | Noticed Sigmund
  1524 | D:3      | Killed Sigmund
  1525 | D:3      | Reached skill level 1 in Evocations
  1525 | D:3      | Reached XP level 5. HP: 28/31 MP: 2/9
  1525 | D:3      | Reached XP level 6. HP: 33/36 MP: 2/10
  1801 | D:3      | Noticed Jessica
  1805 | D:3      | Killed Jessica
  2323 | D:2      | Found Tolexaze's General Store.
  2421 | D:2      | Found Okucwim's Magic Scroll Shoppe.
  2429 | D:2      | Bought a scroll of noise for 14 gold pieces
  2505 | D:3      | Found a runed translucent door.
  2506 | D:3      | Noticed IYTBazzie's ghost (novice BaBr)
  2773 | D:3      | Noticed Terence
  2794 | D:3      | Killed Terence
  3270 | D:4      | Found an iron altar of Okawaru.
  3469 | D:4      | Reached skill level 5 in Earth Magic
  3469 | D:4      | Reached XP level 7. HP: 38/40 MP: 11/11
  3697 | D:4      | Found Icsierak's Jewellery Emporium.
  4089 | D:4      | Learned a level 3 spell: Stone Arrow
  4127 | D:5      | Entered Level 5 of the Dungeon
  4154 | D:5      | Reached skill level 1 in Fire Magic
  4162 | D:5      | Reached skill level 1 in Ice Magic
  4297 | D:5      | Reached skill level 1 in Translocations
  4297 | D:5      | Reached skill level 1 in Air Magic
  4560 | D:5      | Found a white marble altar of Elyvilon.
  4962 | D:5      | Reached XP level 8. HP: 39/48 MP: 7/13
  5855 | D:6      | Reached skill level 6 in Earth Magic
  5984 | D:6      | Found a sacrificial altar of Ru.
  6453 | D:7      | Found a staircase to the Ecumenical Temple.
  6469 | Temple   | Entered the Ecumenical Temple
  6568 | Temple   | Became a worshipper of Gozag Ym Sagoz the Greedy
  6849 | D:7      | Slain by an orc warrior

Illustrated notes

Levels and vault maps discovered:
D:1:      evilmike_arrival_crescent, layout_loops_ring
D:2:      layout_basic, serial_shops, shop, shop, shop, shop, basic_altar,
          guppyfry_early_orc_mine
D:3:      layout_loops_ring, ebering_ghost_sewer_d, kennysheep_jessica_study,
          uniq_jessica, uniq_sigmund, uniq_terence
D:4:      layout_basic, mainiacjoe_overflow_small_starburst,
          mainiacjoe_overflow_concentric_impassable, serial_shops,
          kennysheep_mini_moat, serial_park_tiny_2, hangedman_decor_peaks_small,
          roderic_lattice_a
D:5:      minmay_evil_eye, layout_basic, nicolae_overflow_crystal_walls,
          item_on_display_a
D:6:      layout_loops_cross, nicolae_ru_great_annihilating_truth,
          kennysheep_flooded_box
D:7:      layout_cave_pools, minmay_temple_entry_mini_moons, minmay_circle_x
Temple:   bh_familiar_temple

Skill      XL: |  1  2  3  4  5  6  7  8 |
---------------+-------------------------+-----
Transmutations | 1 |  1.0
Shields        | 1 |  1.0
Fighting       | 1 2 3 4 |  4.6
Staves         | 1 |  1.0
Armour         | 1 2 3 4 |  4.4
Conjurations   | 1 2 3 4 |  4.4
Earth Magic    | 4 5 6 |  6.3
Evocations     | 1 |  1.0
Spellcasting   | 3 4 |  4.3
Fire Magic     | 1 |  1.0
Ice Magic      | 1 |  1.0
Translocations | 1 |  1.0
Air Magic      | 1 |  1.0
Dodging        | |  1.6
Stealth        | |  2.2

Action                     |  1- 3 |  4- 6 |  7- 9 || total
---------------------------+-------+-------+-------++-------
  Melee: Unarmed           |     9 |       |       ||     9
         Whip              |     4 |    14 |       ||    18
         Short sword       |       |     8 |    28 ||    36
         Punch             |       |       |     2 ||     2
   Cast: Sandblast         |    50 |    65 |   120 ||   235
         Stone Arrow       |       |       |     8 ||     8
    Use: Scroll            |       |     9 |     4 ||    13
         Potion            |       |     1 |     1 ||     2
 Armour: Robe              |    12 |    22 |    20 ||    54
  Dodge: Dodged            |    31 |    38 |    72 ||   141

Table legend: (Time is in decaauts)
 A = Elapsed time spent in this place.
 B = Non-inter-level travel time spent in this place.
 C = Inter-level travel time spent in this place.
 D = Time resting spent in this place.
 E = Time spent auto-exploring this place.
 F = Levels seen in this place.
 G = Mean time per level.
                   A        B        C        D        E       F      G
               +--------+--------+--------+--------+--------+-----+--------+
         Total |   6967 |   6568 |    399 |    290 |   5356 |   8 |  870.9 |
       Dungeon |   6721 |   6342 |    379 |    241 |   5209 |   7 |  960.1 |
        Temple |    245 |    225 |     20 |     49 |    147 |   1 |  245.0 |
               +--------+--------+--------+--------+--------+-----+--------+

Top non-repeatable levels by time:
     D:5: 1349 daAuts
     D:4: 1163 daAuts
     D:3: 1160 daAuts
     D:6: 1014 daAuts
     D:2: 998 daAuts
     D:1: 869 daAuts
  Temple: 245 daAuts
     D:7: 166 daAuts
